 Dungeon Crawl Stone Soup version 0.30-a0-634-g8abc85282e (webtiles) character file.

Game seed: 6156945332418870972

933 CannotBeFrozen the Cudgeller (level 7, -12/60 HPs)
             Began as a Demigod Reaver on Jan 14, 2023.
             Mangled by an ogre
             ... wielding a +0 giant spiked club
              (14 damage)
             ... on level 4 of the Dungeon.
             The game lasted 00:18:21 (4389 turns).

CannotBeFrozen the Cudgeller (Demigod Reaver)       Turns: 4389, Time: 00:18:21

Health: -12/60     AC:  8    Str: 13    XL:     7   Next: 56%
Magic:  12/15      EV: 10    Int: 23    God:
Gold:   244        SH:  0    Dex: 12    Spells: 6/12 levels left

rFire   . . .      SeeInvis .    b - +1 morningstar
rCold   . . .      Faith    .    (no shield)
rNeg    . . .      Spirit   .    c - +0 ring mail
rPois   .          Reflect  .    u - +1 helmet
rElec   .          Harm     .    f - +0 cloak
rCorr   .          Rampage  .    (no gloves)
Will    .....                    (no boots) Stlth
                                 (no amulet)
HPRegen 0.30/turn                (no ring)
MPRegen 0.14/turn                (no ring)

@: silenced, immotile
A: high MP 1, forlorn, divine attributes
a: no special abilities


You were on level 4 of the Dungeon.
You visited 1 branch of the dungeon, and saw 4 of its levels.

You collected 244 gold pieces.

Inventory:

Hand Weapons
 a - a +0 mace
 b - a +1 morningstar (weapon)
Missiles
 o - 5 poisoned darts (quivered)
 r - a javelin
Armour
 c - a +0 ring mail (worn)
 f - a +0 cloak (worn)
 k - a +0 leather armour
 u - a +1 helmet (worn)
Scrolls
 g - 2 scrolls of identify {@r1}
 h - a scroll of magic mapping
 j - 2 scrolls of enchant weapon
 m - a scroll of fog
 y - a scroll of teleportation {unknown}
Potions
 e - a potion of mutation
 i - a potion of flight {unknown}
 l - a potion of ambrosia {unknown}
 n - a potion of brilliance {unknown}
 p - a potion of cancellation {unknown}
 s - a potion of degeneration {unknown}
 w - a potion of attraction {unknown}


   Skills:
 + Level 4.3 Fighting
 + Level 5.2 Maces & Flails
 - Level 2.0 Armour
 - Level 2.0 Dodging
 + Level 3.3 Spellcasting
 + Level 3.3 Conjurations
 - Level 3.0 Translocations


You had 6 spell levels left.
You knew the following spells:

 Your Spells              Type           Power      Damage    Failure   Level
k - Kiss of Death         Conj/Necr      44%        2d8       12%         1
m - Momentum Strike       Conj/Tloc      36%        3d9       10%         2
H - Hailstorm             Conj/Ice       11%        3d5       34%         3

Your spell library contained the following spells:

 Spells                   Type           Power      Damage    Failure   Level


Dungeon Overview and Level Annotations

Branches:
Dungeon (4/15)
 Temple: D:4-7


Innate Abilities, Weirdness & Mutations

You have an increased reservoir of magic. (+10% MP)
You shall have no god before yourself.
Your divine heritage dramatically boosts your attributes as you level up.


Message History

HP: 16/59 (-2) ===---------
As you read the scroll labelled TOEFU AXYAFF, it crumbles to dust.
The scroll dissolves into smoke.
It was a scroll of fog.
The orc priest hits you but does no damage.
You aren't carrying any items that you can evoke.
You closely miss the orc priest.
The orc priest is heavily wounded.
You are no longer robbed of momentum.
The ogre completely misses you.
The orc priest hits you with a +0 dagger.
* * * LOW HITPOINT WARNING * * *
The orc priest closely misses you.
HP: 15/59 (-1) ===---------
Casting: Momentum Strike (safe; 10% risk of failure)
Confirm with . or Enter, or press ? or * to list all spells.
Aiming: Momentum Strike (safe; 10% risk of failure)
Press: ? - help, Dir - move target, f/p - orc priest
Aim: an orc priest, wielding a +0 dagger and wearing a +0 chain mail (purple smoke, heavily wounded, 79% to hit)
The concentrated momentum hits the orc priest!!
You kill the orc priest!
You are unable to move.
The ogre hits you with a +0 giant spiked club!
* * * LOW HITPOINT WARNING * * *
HP: 1/60 (-14) MP: 12/15 (-2) ------------ !!
Okay, then.
Okay, then.
As you read the scroll labelled VENUAR IG WOU, it crumbles to dust.
You hear the tinkle of a tiny bell.
It was a scroll of butterflies.
The ogre barely misses you.
As you read the scroll labelled ENIBIH SUTICVE, it crumbles to dust.
The creatures around you are filled with an inner flame!
It was a scroll of immolation.
As you read the scroll labelled RAN GUGHUDGH, it crumbles to dust.
It is a scroll of enchant armour.
Your +0 helmet glows green for a moment.
The ogre closely misses you.
As you read the scroll labelled NIARIA PENA, it crumbles to dust.
A profound silence engulfs you.
It was a scroll of silence.
The ogre hits you with a +0 giant spiked club!
You die...

*****,##.*,.#*#,**#.,,,,* ********
*,...#,..#.,,#.,,,,,*## * ,,,,,,,*
**....###(###.,,,,,,,.####
,,,,,,,****..#........,*****##...).
,,,,,,,,,,,,,.)......##* ##...#..
,,,,,,,,******#..§....######......#
,,,,,,,** #bb§b§...............
,,,,,,,***#####bbbb§......#...#####
,,,,,,,,,,....§§§@Ob§.......###
,,,,******#########§).#.##### *****
###).##...,* * ##* ##.†..#####.#
*** * #.# ##...#..# *,#*** *,, *
#.###.)####.#***,,,,* *,, *
###.##...#*,,$O.,,***,***,, *
#...##..##,,,....,,**,,,,,, *
###......##,,,,...(..,*****,,


You could see an ogre (inner flame, ally target).

Vanquished Creatures
  Grinder (D:3)
  Sigmund (D:3)
  A wight (D:4)
  A howler monkey (D:3)
  2 hounds
  3 orc priests
  Crazy Yiuf (D:3)
  An iguana (D:3)
  Natasha (thrice) (D:3)
  Terence (D:2)
  6 adders
  5 gnolls
  2 worms
  2 dart slugs
  4 orcs
  5 ball pythons
  8 bats
  7 endoplasms
  2 giant cockroaches
  10 goblins
  3 hobgoblins (D:1)
  7 jackals
  2 quokkas
  A frilled lizard (D:3)
  5 kobolds
  A rat (D:3)
85 creatures vanquished.

Notes
Turn   | Place    | Note
-------+----------+-------------------------------------------
     0 | D:1      | CannotBeFrozen the Demigod Reaver began the quest for the
                  | Orb.
     0 | D:1      | Reached XP level 1. HP: 17/17 MP: 5/5
   375 | D:1      | Reached XP level 2. HP: 24/24 MP: 7/7
   381 | D:1      | Learned a level 2 spell: Momentum Strike
   410 | D:1      | Reached skill level 1 in Armour
  1016 | D:2      | Reached XP level 3. HP: 12/27 MP: 6/8
  1226 | D:2      | Reached skill level 1 in Translocations
  1434 | D:2      | Noticed Terence
  1585 | D:1      | Reached XP level 4. HP: 31/36 MP: 9/9
  1589 | D:1      | Learned a level 3 spell: Hailstorm
  1684 | D:2      | Killed Terence
  2417 | D:3      | Noticed Natasha
  2427 | D:3      | Killed Natasha
  2428 | D:3      | Reached XP level 5. HP: 11/40 MP: 7/11
  2559 | D:3      | Noticed Grinder
  2590 | D:3      | Killed Grinder
  2591 | D:3      | Reached skill level 3 in Maces & Flails
  2591 | D:3      | Reached XP level 6. HP: 48/51 MP: 3/13
  2850 | D:3      | Noticed Natasha
  2866 | D:3      | Killed Natasha
  3199 | D:3      | Noticed Sigmund
  3361 | D:3      | Noticed Natasha
  3373 | D:3      | Killed Natasha
  3539 | D:3      | Killed Sigmund
  3540 | D:3      | Reached skill level 4 in Maces & Flails
  3640 | D:3      | Reached XP level 7. HP: 52/59 MP: 9/14
  3802 | D:3      | Found a runed translucent door.
  3803 | D:3      | Noticed Crazy Yiuf
  3863 | D:3      | Killed Crazy Yiuf
  3925 | D:3      | Reached skill level 5 in Maces & Flails
  4385 | D:4      | HP: 1/59 [ogre/+0 giant spiked club (14)]
  4389 | D:4      | Mangled by an ogre

Illustrated notes

Levels and vault maps discovered:
D:1:      dpeg_arrival_arbitrary_c, layout_basic, hangedman_decor_points
D:2:      layout_rooms, basic_altar, uniq_terence
D:3:      layout_basic, old_standard_altar, uniq_crazy_yiuf_cottage,
          uniq_natasha, uniq_grinder, uniq_sigmund
D:4:      layout_rooms, zin_treasury, serial_park_tiny_2, minmay_manual_mail

Skill      XL: |  1  2  3  4  5  6  7 |
---------------+----------------------+-----
Spellcasting   | 2 3 |  3.3
Conjurations   | 3 |  3.3
Armour         | 2 |  2.0
Translocations | 2 3 |  3.0
Fighting       | 2 3 4 |  4.3
Dodging        | 2 |  2.0
Maces & Flails | 3 4 5 |  5.2

Action                   |  1- 3 |  4- 6 |  7- 9 || total
-------------------------+-------+-------+-------++-------
Melee: Mace              |   127 |    43 |       ||   170
       Punch             |     1 |     1 |       ||     2
       Morningstar       |       |    23 |    27 ||    50
Throw: Stone             |    16 |       |     8 ||    24
       Dart              |     6 |     3 |     8 ||    17
       Javelin           |     2 |     3 |       ||     5
 Cast: Kiss of Death     |     1 |     3 |       ||     4
       Momentum Strike   |       |    22 |    15 ||    37
Evoke: Wand              |       |     2 |       ||     2
  Use: Scroll            |       |     2 |     6 ||     8
       Potion            |       |     1 |     1 ||     2
Armor: Ring mail         |    52 |       |    15 ||    67
       Leather armour    |     2 |    29 |     1 ||    32
Dodge: Dodged            |    72 |    63 |    28 ||   163

Table legend: (Time is in decaauts)
 A = Elapsed time spent in this place.
 B = Non-inter-level travel time spent in this place.
 C = Inter-level travel time spent in this place.
 D = Time resting spent in this place.
 E = Time spent auto-exploring this place.
 F = Levels seen in this place.
 G = Mean time per level.
                   A        B        C        D        E       F      G
               +--------+--------+--------+--------+--------+-----+--------+
         Total |   4474 |   4297 |    177 |   1437 |   1396 |   4 | 1118.5 |
       Dungeon |   4474 |   4297 |    177 |   1437 |   1396 |   4 | 1118.5 |
               +--------+--------+--------+--------+--------+-----+--------+

Top non-repeatable levels by time:
     D:3: 1785 daAuts
     D:2: 1227 daAuts
     D:1: 1163 daAuts
     D:4: 297 daAuts
